cohdb
Replays
Latest Replays
All Replays
Popular Replays
Top Player Replays
Match Explorer
How It Works
Community
CoH3 Stats
Reddit
Sign in to upload your games and track your stats! →
Sign in with Steam
Match 46194990
Unlisted
Match 46194990
Overview
Messages
Build Orders
End
Selects Italian Coastal Battlegroup
Selects Coastal Reserves
Coastal Reserve
Construct Infanterie Kompanie
Coastal Reserve
Coastal Reserve
Coastal Reserve
Construct Luftwaffe Kompanie
MG 42 Bunker
Jäger Squad
Jäger Squad
Selects Support Bunkers
Selects Designated Artillery Overwatch
Selects Artillery Officer
MG 42 Bunker
Medical Bunker
Selects Coastal Wall
Designated Artillery Overwatch
MG 42 Bunker
Construct Panzer Kompanie
MG 42 Bunker
Selects Bulwark
Designated Artillery Overwatch
Jäger Squad
Designated Artillery Overwatch
Sturmpanzer IV Brummbär
MIST3RKK
matrix4x4
普法尔茨大选帝侯
番茄
Hyuns
Nosang
DURUMI
DeMoniC
0
0
Comments
sign in to comment!
No comments posted yet!